 Dungeon Crawl Stone Soup version 0.31-a0-200-gbc41564c69 (webtiles) character file.

Game seed: 3129298293259159035

30 qw the Shooter (level 3, -3/20 HPs)
             Began as a Deep Elf Hunter on June 25, 2023.
             Slain by Sigmund
             ... wielding a +0 scythe
              (8 damage)
             ... on level 2 of the Dungeon.
             The game lasted 00:00:16 (681 turns).

qw the Shooter (Deep Elf Hunter)                     Turns: 681, Time: 00:00:17

Health: -3/20      AC:  3    Str: 10    XL:     3   Next: 5%
Magic:  5/5        EV: 12    Int: 13    God:
Gold:   49         SH:  0    Dex: 18    Spells: 2/2 levels left

rFire   . . .        Y - +0 shortbow
rCold   . . .        (shield currently unavailable)
rNeg    . . .        c - +0 leather armour
rPois   .            (no helmet)
rElec   .            (no cloak)
rCorr   .            (no gloves)
SInv    .            (no boots)
Will    .....        (no amulet)
Stlth   ++           (no ring)
HPRegen 0.23/turn    (no ring)
MPRegen 0.09/turn

%: no passive effects
@: no status effects
A: no striking features
a: no special abilities


You were on level 2 of the Dungeon.
You visited 1 branch of the dungeon, and saw 2 of its levels.

You collected 49 gold pieces.


   Skills:
 - Level 1.5 Fighting
 + Level 6.6 Ranged Weapons
 - Level 2.4 Dodging
 - Level 1.2 Stealth


You had 2 spell levels left.
You didn't know any spells.
Your spell library was empty.

Inventory:

Hand Weapons
 Y - a +0 shortbow (weapon)
Armour
 c - a +0 leather armour (worn)
Scrolls
 a - a scroll of identify {unknown}
Potions
 e - a potion of might {unknown}

Dungeon Overview and Level Annotations

Branches:
Dungeon (2/15)

Altars:

Shops:
D:1 !

Annotations:
D:2 Sigmund


Message History

The ball python bites you but does no damage.
The ball python barely misses you.
You shoot an arrow. The arrow hits the ball python!
You kill the ball python!
You now have 49 gold pieces (gained 6).
a - a scroll labelled YSOEDOI ENTIA
Enter note: Sigmund and a bat come into view.
Found a club.
Enter note: You shoot an arrow.
The arrow hits Sigmund.
Sigmund shouts!
Sigmund is lightly wounded.
Sigmund gestures wildly while chanting.
Sigmund flickers and vanishes!
Deactivating autopickup; reactivate with Ctrl-A.
You shoot an arrow. The arrow closely misses the bat.
You shoot an arrow.
The arrow hits the bat but does no damage.
The bat barely misses you.
You are confused.
The bat hits you. The bat misses you.
A puff of flame appears from out of thin air!
The puff of flame misses you. The bat hits you. The bat closely misses you.
The bat closely misses you. The bat closely misses you.
You feel less confused. The bat barely misses you.
You shoot an arrow. The arrow hits the bat!
You kill the bat!
You shoot an arrow. Something hits you.
You shoot an arrow. Something hits you!
Ouch! That really hurt!
You shoot an arrow. You shoot an arrow. Something hits you!
You die...

....... ...)... #######
....... ......# .......
......###########.......
................+.......
................#{.!....
######..........@.....#
#..................
########...........
###......... ....#.####
......... #########
#.##.#.### ........# #.
.#.# ........# .# #


There were no monsters in sight!

Vanquished Creatures
  2 dart slugs (D:1)
  A bat (D:2)
  3 endoplasms
  2 giant cockroaches (D:1)
  4 goblins (D:1)
  3 hobgoblins (D:1)
  A kobold (D:2)
  2 quokkas (D:1)
  A ball python (D:2)
  A frilled lizard (D:1)
  2 rats (D:1)
22 creatures vanquished.

Notes
Turn   | Place    | Note
-------+----------+-------------------------------------------
     0 | D:1      | qw the Deep Elf Hunter began the quest for the Orb.
     0 | D:1      | Reached XP level 1. HP: 12/12 MP: 3/3
     0 | D:1      | 0 ||| qw: Version: 0.3-a-22-g0ed2b0b
     0 | D:1      | 0 ||| qw: Game counter: 5563
     0 | D:1      | 0 ||| qw: Melee chars always use a shield: true
     0 | D:1      | 0 ||| qw: God list: Okawaru
     0 | D:1      | 0 ||| qw: Allow faded altars: false
     0 | D:1      | 0 ||| qw: Do Orc after clearing Dungeon:15 true
     0 | D:1      | 0 ||| qw: Do second Lair branch before Depths: true
     0 | D:1      | 0 ||| qw: Lair rune preference: random
     0 | D:1      | 0 ||| qw: Goals: Normal
     0 | D:1      | 0 ||| PLANNING D:1-11
    54 | D:1      | Reached skill level 6 in Ranged Weapons
    54 | D:1      | Reached XP level 2. HP: 16/16 MP: 4/4
   156 | D:1      | Found Erchech's Distillery.
   160 | D:1      | 160 ||| SHOPLISTING 2 potions of cancellation (160 gold,
                  | have 23).
   160 | D:1      | 160 ||| SHOPLISTING 2 potions of haste (200 gold, have 23).
   160 | D:1      | 160 ||| SHOPLISTING potion of curing (30 gold, have 23).
   160 | D:1      | 160 ||| SHOPLISTING potion of enlightenment (50 gold, have
                  | 23).
   160 | D:1      | 160 ||| SHOPLISTING potion of haste (100 gold, have 23).
   160 | D:1      | 160 ||| SHOPLISTING potion of heal wounds (50 gold, have
                  | 23).
   468 | D:1      | 468 ||| READING scroll labelled QUYPU MECZAFOX.
   471 | D:1      | 471 ||| DROPPING scroll of butterflies.
   580 | D:2      | Reached XP level 3. HP: 15/20 MP: 5/5
   666 | D:2      | Noticed Sigmund
   679 | D:2      | HP: 5/20 [something (10)]
   681 | D:2      | Slain by Sigmund

Levels and vault maps discovered:
D:1:      dpeg_arrival_rooms_b, layout_rooms, serial_shops, shop_statue,
          chequers_serial_rivers_large_a
D:2:      layout_basic, uniq_sigmund, uniq_natasha

Skill      XL: |  1 |
---------------+----+-----
Ranged Weapons | 6 |  6.6
Fighting       | |  1.5
Dodging        | |  2.4
Stealth        | |  1.2

Action                     || total
---------------------------++-------
   Fire: Shortbow          ||    64
    Use: Scroll            ||     1
 Armour: Leather armour    ||     3
  Dodge: Dodged            ||    12

Table legend:
 A = Non-vault XP
 B = Vault XP
 C = Vault XP percentage of total XP
 D = Non-vault monster count
 E = Vault monster count
 F = Vault count percentage of total count
                 A         B        C        D         E       F
            +---------+---------+-------+---------+---------+-------
      Total |      44 |       0 |   0.0 |      22 |       0 |   0.0
            +---------+---------+-------+---------+---------+-------
        D:1 |      37 |       0 |   0.0 |      18 |       0 |   0.0
        D:2 |       7 |       0 |   0.0 |       4 |       0 |   0.0
            +---------+---------+-------+---------+---------+-------
